 Dungeon Crawl Stone Soup version 0.25-b1-46-gb8a1ec05df (webtiles) character file.

Game seed: 8034566002376049940

214 Delamore the Cudgeler (level 5, -6/33 HPs)
             Began as a Gargoyle Fighter on June 9, 2020.
             Mangled by an ogre
             ... wielding a +0 giant club
              (9 damage)
             ... on level 4 of the Dungeon.
             The game lasted 00:03:58 (2893 turns).

Delamore the Cudgeler (Gargoyle Fighter)            Turns: 2893, Time: 00:03:58

Health: -6/33      AC: 11    Str: 19 (20) XL:     5   Next: 91%
Magic:  5/5        EV:  7    Int:  7 (9)  God:
Gold:   102        SH:  9    Dex:  8 (9)  Spells: 4/4 levels left

rFire    . . .     SeeInvis .   a - +0 flail
rCold    . . .     Gourm    .   c - +0 kite shield
rNeg     + . .     Faith    .   b - +0 scale mail
rPois    ∞         Spirit   .   (no helmet)
rElec    +         Reflect  .   (no cloak)
rCorr    .         Harm     .   (no gloves)
MR       .....                  (no boots)
Stlth    ..........             p - amulet of regeneration
HPRegen  0.51/turn              w - ring of flight
MPRegen  0.09/turn              (no ring)

@: no status effects
A: negative energy resistance 1, electricity resistance, unbreathing,
petrification resistance, rot immunity, AC +4
a: Evoke Flight


You were on level 4 of the Dungeon.
You were not hungry.

You visited 1 branch of the dungeon, and saw 4 of its levels.

You collected 102 gold pieces.

Inventory:

Hand Weapons
 a - a +0 flail (weapon)
Missiles
 k - 28 poisoned darts (quivered)
Armour
 b - a +0 scale mail (worn)
 c - a +0 kite shield (worn)
Jewellery
 j - an uncursed amulet of faith
 p - an amulet of regeneration (around neck)
 v - an uncursed ring of ice
 w - a ring of flight (left hand)
Wands
 s - a wand of digging (7)
Scrolls
 g - 3 scrolls of magic mapping {unknown}
 l - a scroll of blinking {unknown}
 m - 2 scrolls of teleportation {unknown}
 o - 2 scrolls of remove curse {unknown}
 q - a scroll of fog {unknown}
 t - a scroll of enchant armour {unknown}
 u - 2 scrolls of amnesia {unknown}
 x - a scroll of identify {unknown}
Potions
 d - 3 potions of might
 e - a potion of mutation {unknown}
 h - a potion of curing {unknown}
 i - 2 potions of degeneration
 n - a potion of haste {unknown}
 r - a potion of lignification {unknown}
Comestibles
 f - 12 rations


   Skills:
 - Level 3.8 Fighting
 + Level 4.4 Maces & Flails
 - Level 3.9 Armour
 - Level 0.9 Dodging
 - Level 4.1 Shields


You had 4 spell levels left.
You didn't know any spells.
Your spell library was empty.

Dungeon Overview and Level Annotations

Branches:
Dungeon (4/15)
 Temple: D:4-7

Altars:
Kikubaaqudgha
Nemelex Xobeh


Innate Abilities, Weirdness & Mutations

You are resistant to torment.
Your stone body is resilient. (AC +4)
You are immune to poison.
You resist negative energy. (rN+)
You are resistant to electric shocks. (rElec)
You can survive without breathing.
You are immune to petrification.
You are immune to rotting.


Message History

The ogre is lightly wounded.
The ogre barely misses you.
You barely miss the ogre.
The ogre is lightly wounded.
You block the ogre's attack.
You sock the ogre!
The ogre is moderately wounded.
The ogre hits you with a +0 giant club.
You hit the ogre.
The ogre is heavily wounded.
You block the ogre's attack.
You barely miss the ogre.
The ogre is heavily wounded.
The ogre hits you with a +0 giant club!
* * * LOW HITPOINT WARNING * * *
It was a potion of degeneration.
There was something very wrong with that liquid.
You feel weakened.
You feel dopey.
You feel clumsy. The ogre hits you with a +0 giant club!
You die...

.. #..# #.####### +..#
#.#..#..# #..#
#.#..#..#####..#+##.
#.##)#'##............
#.........⌠..........
#..)........###+#....
#..#O##..##+# ##.
#..#@.#..# #.
#..#..#..# #.
#..####.P###########. .
#....................
...
###........####........
.....#.#..#######
##...#### .........##
##..# # .......###
#..#### ......# #...##.


You could see an ogre.

Vanquished Creatures
  A hound (D:4)
  An orc wizard (D:4)
  A worker ant (D:4)
  3 gnolls (D:3)
  3 adders
  An adder skeleton (D:4)
  5 dart slugs
  2 leopard geckos
  7 orcs (D:3)
  2 giant cockroaches (D:1)
  4 goblins
  5 hobgoblins
  4 jackals (D:1)
  4 kobolds
  A quokka (D:2)
  A ball python (D:1)
  4 bats
  A frilled lizard (D:1)
  A leopard gecko skeleton (D:4)
  6 rats
57 creatures vanquished.

Notes
Turn   | Place    | Note
-------+----------+-------------------------------------------
     0 | D:1      | Delamore the Gargoyle Fighter began the quest for the Orb.
     0 | D:1      | Reached XP level 1. HP: 14/14 MP: 1/1
   233 | D:1      | Reached XP level 2. HP: 19/19 MP: 2/2
   458 | D:1      | Reached XP level 3. HP: 23/24 MP: 3/3
   720 | D:2      | Found an ancient bone altar of Kikubaaqudgha.
   804 | D:2      | Found a sparkling altar of Nemelex Xobeh.
  1625 | D:2      | Reached XP level 4. HP: 29/29 MP: 4/4
  1733 | D:3      | Found a faded altar of an unknown god.
  2262 | D:3      | Reached XP level 5. HP: 33/33 MP: 5/5
  2865 | D:4      | Noticed an ogre
  2893 | D:4      | Mangled by an ogre

Illustrated notes

Levels and vault maps discovered:
D:1:      psy_arrival_conway, layout_loops_ring
D:2:      layout_loops_ring, nicolae_overflow_crystal_walls, old_standard_altar,
          serial_co_window_serial, co_window_corner_a,
          co_window_of_opportunity_a, co_window_corner_a, co_window_paths_a,
          co_window_corner_a, co_window_2corner, co_window_cross_2,
          co_window_corner_cb, co_window_of_opportunity_b, co_window_cross_3,
          co_window_sun, co_window_paths_e, glass_columns_b, glass_columns_a
D:3:      layout_rooms, chequers_ecumenical_altar_simple_redux
D:4:      corexii_shack_village, layout_cave_pods, first_ration,
          minmay_starry_boxes

Skill      XL: |  1  2  3  4  5 |
---------------+----------------+-----
Shields        | 4 |  4.1
Maces & Flails | 3 4 |  4.4
Fighting       | |  3.8
Armour         | |  3.9
Dodging        | |  0.9

Action                   |  1- 3 |  4- 6 || total
-------------------------+-------+-------++-------
Melee: Flail             |   127 |   124 ||   251
Throw: Dart              |       |     2 ||     2
  Use: Potion            |       |     1 ||     1
  Eat: Chunk             |     1 |     2 ||     3
       Ration            |       |     1 ||     1
Armor: Scale mail        |    82 |    65 ||   147
Dodge: Dodged            |    49 |    49 ||    98
Block: Kite shield       |    76 |    66 ||   142
